AoeStats
← Lockhart

Hideout

508337378Analyzed
1v1 RM · 10d ago on Sep 22, 2026· 37m 27s· 2 players
Game mode
Random Map
Map size
Tiny (2 player)
Population
200
Speed
Normal
Resources
Standard
Victory
Conquest
Starting age
Dark Age
Ending age
Imperial Age
RankedLock teamsTeams togetherTeam positionsShared explorationLock speedFull tech treeHidden civsTurbo modeCheats
Victory
Defeat
🇺🇸 Spanish · United States
1249
+15
🇦🇷 Malay · Argentina
1231
-15
AASC | Brunito
12:09 Feudal Age
16:26 Castle Age
15:21 Scale Barding Armor
18:29 Double-Bit Axe
19:25 Loom
19:04 Light Cavalry
22:22 Loom
30:45 Fletching
33:33 Imperial Age
31:21 Fletching
31:51 Crossbowman
32:57 Town Watch
33:53 Wheelbarrow
33:53 Thumb Ring
34:31 Ballistics
35:30 Conscription
Lockhart
11:11 Feudal Age
14:52 Castle Age
13:10 Double-Bit Axe
13:32 Horse Collar
16:40 Bow Saw
17:24 Heavy Plow
20:56 Bloodlines
22:27 Inquisition
22:23 Gold Mining
24:18 Padded Archer Armor
24:40 Scale Mail Armor
24:02 Pikeman
26:37 Chain Mail Armor
29:26 Forging
32:18 Imperial Age
29:33 Loom
31:57 Wheelbarrow
31:34 Scale Barding Armor
32:33 Husbandry
33:24 Conscription
34:34 Chemistry
34:30 Block Printing
33:49 Cavalier
35:59 Redemption
36:19 Block Printing
Connection lost

Rejoining the realm…

Still unreachable

The connection could not be restored.

Session expired

The server has moved on; the page needs a fresh start.